Map: [ESL] Data-C

Players

GunGFuBanDa - Winner!

  • Race: Protoss Protoss
  • Spawn Location: 3:00

Clem

  • Race: Terran Terran
  • Spawn Location: 9:00

Event: DreamHack SC2 Masters 2022 Atlanta (Online)

VOD

Have the link to the VOD?

Description

Time

  • Played on: Oct. 2, 2022, 10:41 a.m.
  • Length: 16:10

All games in this series

Show
View Real Time Build Order
Export as new Build Order

GunGFuBanDa Protoss - Winner!

Build Orders: 1 Gate Expand, Blink Stalkers, Colossus Rush 

Get SALT Encoding   

  12  0:00  Probe  
  13  0:12  Probe  
  14  0:18  Pylon  
  14  0:24  Probe (Chrono Boost)  
  15  0:36  Gateway  
  15  0:38  Probe (Chrono Boost)  
  16  0:43  Probe (Chrono Boost)  
  16  0:45  Assimilator  
  17  0:52  Probe  
  18  1:04  Probe  
  19  1:18  Nexus  
  19  1:29  Cybernetics Core  
  19  1:32  Probe (Chrono Boost)  
  20  1:37  Assimilator  
  20  1:42  Probe (Chrono Boost)  
  20  1:47  Probe (Chrono Boost)  
  21  1:50  Pylon  
  22  1:58  Probe  
  23  2:06  Adept (Chrono Boost)  
  25  2:10  Probe  
  25  2:13  Warp Gate  
  26  2:17  Twilight Council  
  26  2:26  Probe (Chrono Boost)  
  26  2:28  Stalker  
  29  2:33  Probe (Chrono Boost)  
  30  2:43  Probe x2 (Chrono Boost)  
  32  2:49  Probe  
  32  2:51  Probe  
  33  2:53  Blink  
  34  3:01  Stalker  
  34  3:02  Probe (Chrono Boost)  
  34  3:05  Probe (Chrono Boost)  
  38  3:17  Probe (Chrono Boost)  
  38  3:18  Gateway  
  38  3:19  Probe (Chrono Boost)  
  40  3:22  Probe (Chrono Boost)  
  40  3:25  Probe (Chrono Boost)  
  42  3:31  Probe  
  42  3:37  Probe  
  38  3:45  Probe (Chrono Boost)  
  34  3:49  Probe (Chrono Boost)  
  33  4:00  Probe x2 (Chrono Boost)  
  33  4:01  Sentry  
  33  4:02  Robotics Facility  
  36  4:05  Probe (Chrono Boost)  
  36  4:07  Probe (Chrono Boost)  
  38  4:10  Assimilator  
  38  4:14  Assimilator  
  39  4:18  Dark Shrine  
  39  4:19  Probe (Chrono Boost)  
  39  4:22  Probe (Chrono Boost), Pylon  
  40  4:26  Probe (Chrono Boost)  
  40  4:29  Probe (Chrono Boost)  
  40  4:33  Probe (Chrono Boost)  
  41  4:45  Probe (Chrono Boost), Stalker  
  44  4:46  Probe (Chrono Boost)  
  44  4:49  Stalker  
  44  4:50  Observer  
  48  4:52  Probe (Chrono Boost)  
  48  4:54  Probe (Chrono Boost)  
  48  4:56  Pylon  
  49  5:00  Probe  
  49  5:04  Robotics Bay  
  49  5:05  Probe  
  51  5:08  Observer  
  51  5:12  Probe (Chrono Boost)  
  52  5:17  Stalker  
  52  5:19  Stalker  
  52  5:21  Probe (Chrono Boost)  
  57  5:24  Probe (Chrono Boost)  
  58  5:32  Probe (Chrono Boost)  
  58  5:33  Probe (Chrono Boost)  
  60  5:38  Probe  
  60  5:41  Probe, Pylon  
  62  5:44  Pylon  
  62  5:56  Colossus (Chrono Boost)  
  62  6:02  Sentry  
  70  6:05  Dark Templar, Pylon  
  70  6:09  Pylon  
  72  6:15  Nexus  
  72  6:21  Shield Battery  
  72  6:28  Probe x2  
  73  6:34  Colossus (Chrono Boost)  
  79  6:40  Probe  
  79  6:41  Dark Templar  
  82  6:50  Sentry  
  82  6:53  Probe  
  83  6:59  Shield Battery  
  83  7:00  Extended Thermal Lance  
  83  7:01  Gateway  
  83  7:02  Gateway  
  81  7:13  Colossus (Chrono Boost), Probe x2  
  81  7:15  Observer, Gateway  
  89  7:23  Zealot x2  
  93  7:39  Charge (Chrono Boost)  
  93  7:43  Forge  
  93  7:54  Nexus  
  93  7:59  Shield Battery  
  93  8:03  Probe, Pylon  
  94  8:07  Pylon  
  94  8:12  Probe  
  94  8:13  Observer  
  94  8:14  Forge  
  94  8:21  Disruptor (Chrono Boost)  
  97  8:28  Zealot x2  
  97  8:29  Probe  
  97  8:33  Pylon x2  
  102  8:34  Pylon  
  102  8:42  Shield Battery, Protoss Ground Armor Level 1 (Chrono Boost)  
  102  8:44  Protoss Ground Weapons Level 1 (Chrono Boost)  
  102  8:45  Photon Cannon  
  102  8:47  Pylon  
  102  8:49  Observer  
  102  8:50  Pylon  
  102  8:51  Probe x2  
  102  8:54  Disruptor (Chrono Boost)  
  104  8:58  Observer  
  104  9:01  Stalker x3  
  113  9:03  Probe  
  114  9:11  Zealot x2  
  114  9:13  Probe  
  119  9:19  Disruptor (Chrono Boost)  
  119  9:20  Probe  
  123  9:24  Assimilator  
  123  9:25  Assimilator  
  123  9:35  Gateway  
  123  9:36  Gateway  
  123  9:37  Pylon  
  123  9:39  Probe x2  
  123  9:42  Gateway  
  123  9:45  Disruptor (Chrono Boost)  
  125  9:50  Dark Templar, Photon Cannon  
  125  9:51  Dark Templar  
  132  9:59  Zealot x3  
  138  10:15  Pylon  
  138  10:23  Disruptor (Chrono Boost)  
  138  10:25  Pylon  
  137  10:32  Protoss Ground Weapons Level 2 (Chrono Boost)  
  137  10:33  Stalker x7  
  148  10:52  Disruptor  
  148  10:53  Protoss Ground Armor Level 2 (Chrono Boost)  
  151  10:59  Zealot x7  
  165  11:19  Pylon x2  
  165  11:20  Pylon  
  138  11:36  Stalker x8  
  148  11:47  Warp Prism (Chrono Boost)  
  140  12:03  Nexus  
  140  12:05  Pylon  
  140  12:07  Dark Templar, Templar Archives  
  140  12:10  Zealot  
  140  12:11  Zealot x3  
  146  12:37  Zealot x6  
  146  12:38  Zealot  
  160  12:45  Shield Battery  
  160  12:47  Photon Cannon  
  160  12:51  High Templar  
  160  12:58  High Templar x4  
  164  12:59  High Templar x2  
  164  13:00  High Templar  
  164  13:02  Archon, Assimilator  
  164  13:03  Archon x3, Pylon  
  176  13:15  Protoss Ground Armor Level 3 (Chrono Boost), Gateway  
  176  13:19  Probe x2  
  174  13:29  Zealot  
  174  13:33  Zealot x5, Dark Templar  
  166  13:55  Zealot x7  
  168  13:57  Disruptor (Chrono Boost)  
  140  14:22  Zealot x3  
  140  14:23  Zealot x6  
  153  14:30  Disruptor (Chrono Boost)  
  143  14:36  Shadow Stride (Chrono Boost)  
  134  14:59  Colossus (Chrono Boost)  
  118  15:00  Zealot x9  
  142  15:21  High Templar x2  
  136  15:22  Sentry, High Templar x4  
  136  15:23  Stalker x2  
  136  15:27  Archon x2  
  152  15:35  Archon  
  126  15:54  Zealot x2  
  126  15:55  Zealot x7  
Show
View Real Time Build Order
Export as new Build Order

Clem Terran 

Build Orders:  

Get SALT Encoding   

  12  0:00  SCV  
  13  0:12  SCV  
  14  0:17  Supply Depot  
  14  0:24  SCV  
  15  0:38  SCV  
  15  0:40  Barracks  
  16  0:43  Refinery  
  16  0:50  SCV  
  16  0:53  Refinery  
  17  1:02  SCV  
  18  1:15  SCV  
  19  1:27  Orbital Command  
  19  1:28  Supply Depot, Reaper  
  20  1:40  Factory  
  20  1:52  SCV  
  21  2:00  Reaper  
  22  2:04  SCV  
  23  2:15  Command Center  
  23  2:18  SCV  
  24  2:24  Hellion  
  26  2:31  SCV  
  26  2:32  Reaper  
  26  2:36  Supply Depot  
  28  2:43  SCV  
  29  2:46  Hellion  
  29  2:50  Starport  
  31  2:57  SCV  
  32  3:06  Barracks Reactor  
  32  3:08  Widow Mine  
  32  3:10  SCV  
  35  3:22  SCV  
  35  3:26  Medivac  
  38  3:30  Widow Mine  
  38  3:33  SCV  
  38  3:34  SCV  
  41  3:42  Marine x2  
  41  3:45  SCV  
  41  3:47  SCV  
  39  3:55  Factory Tech Lab  
  39  3:56  Starport Tech Lab  
  39  3:58  Orbital Command  
  39  4:00  SCV, Marine x2  
  39  4:02  Barracks  
  42  4:06  Bunker  
  42  4:12  SCV  
  42  4:13  Barracks  
  42  4:14  Raven  
  45  4:18  Marine x2  
  47  4:24  SCV  
  47  4:25  SCV  
  47  4:26  Supply Depot  
  49  4:35  Marine  
  49  4:36  SCV, Marine  
  49  4:37  SCV  
  51  4:40  Supply Depot  
  51  4:44  Engineering Bay  
  51  4:48  SCV  
  51  4:49  SCV  
  51  4:50  Refinery  
  53  4:53  Marine x2  
  53  4:55  Stimpack  
  53  4:56  Marauder  
  57  5:00  Refinery  
  57  5:01  SCV  
  57  5:02  SCV  
  59  5:07  Combat Shield  
  59  5:10  Terran Infantry Weapons Level 1  
  59  5:11  Marine x2  
  61  5:16  Supply Depot  
  61  5:18  SCV x2  
  61  5:20  Marauder  
  65  5:24  Marauder  
  65  5:25  Starport Reactor  
  67  5:29  Supply Depot  
  67  5:30  Factory Reactor  
  67  5:31  SCV  
  67  5:33  SCV  
  67  5:34  Marine  
  70  5:38  Marine  
  70  5:40  Supply Depot  
  71  5:43  Marauder  
  71  5:45  Marauder  
  75  5:51  Supply Depot  
  75  5:52  Marine  
  75  5:55  Marine  
  77  6:01  Medivac  
  77  6:02  Medivac  
  77  6:03  Supply Depot  
  81  6:06  Marauder  
  81  6:08  Widow Mine x2  
  88  6:11  Supply Depot, SCV x2  
  88  6:14  Marine  
  88  6:15  Marauder  
  92  6:24  Command Center  
  92  6:27  Supply Depot  
  92  6:29  Marine  
  92  6:31  Concussive Shells  
  93  6:34  Widow Mine x2  
  93  6:36  Marine  
  97  6:40  Missile Turret  
  97  6:43  SCV  
  97  6:45  SCV  
  94  6:48  Missile Turret  
  95  6:54  Marauder, Marine  
  95  6:55  SCV  
  95  6:57  Marauder  
  95  7:01  Marine  
  95  7:02  SCV  
  95  7:07  SCV  
  100  7:15  Marauder  
  100  7:16  Barracks x2  
  100  7:19  SCV  
  100  7:20  SCV  
  100  7:21  Marine  
  103  7:28  Marauder  
  101  7:31  SCV  
  101  7:33  SCV  
  107  7:38  Supply Depot, Viking  
  107  7:40  Viking  
  107  7:43  SCV  
  109  7:44  Barracks Tech Lab  
  109  7:45  Terran Infantry Armor Level 1  
  109  7:47  Orbital Command  
  108  7:52  Siege Tank  
  108  7:55  SCV  
  108  7:56  SCV  
  108  7:57  Marauder  
  115  8:07  Barracks Reactor, SCV, Barracks Tech Lab  
  115  8:08  SCV  
  115  8:09  Marauder, Marine x2  
  121  8:14  SCV  
  121  8:18  Supply Depot, Marauder  
  121  8:19  SCV  
  125  8:20  SCV  
  125  8:24  Viking x2  
  125  8:26  SCV  
  130  8:28  Supply Depot  
  130  8:31  SCV, Siege Tank  
  130  8:32  SCV  
  135  8:35  Refinery x2  
  135  8:38  Supply Depot, SCV  
  135  8:39  Marauder  
  138  8:43  SCV  
  138  8:44  SCV  
  140  8:49  Engineering Bay, Armory  
  140  8:50  SCV  
  140  8:53  Marine  
  140  8:55  SCV, Marauder x2  
  147  8:56  SCV  
  147  9:01  Sensor Tower  
  148  9:05  Command Center  
  148  9:09  Siege Tank  
  151  9:12  Medivac x2  
  155  9:17  Supply Depot  
  155  9:19  Ghost Academy  
  155  9:20  Marauder  
  155  9:21  Marauder  
  155  9:23  Marauder  
  160  9:26  Marine x3  
  160  9:27  Marine  
  164  9:36  Supply Depot  
  164  9:39  Starport  
  164  9:41  Terran Infantry Weapons Level 2  
  164  9:43  Terran Infantry Armor Level 2  
  164  9:45  Marauder x2  
  168  9:55  Supply Depot, Marauder  
  170  10:00  Viking x2  
  170  10:02  Marine x3  
  170  10:06  Marauder x2  
  181  10:12  Supply Depot  
  181  10:16  Terran Ship Weapons Level 1, Marauder  
  183  10:30  Command Center  
  183  10:31  Ghost  
  183  10:32  Barracks  
  183  10:33  Barracks, Marine  
  183  10:34  Barracks, Missile Turret  
  186  10:37  Viking x3  
  186  10:41  Planetary Fortress  
  186  10:42  SCV  
  193  10:46  SCV  
  193  10:49  Ghost  
  196  10:50  SCV  
  196  10:53  Marauder  
  199  11:02  Enhanced Shockwaves  
  199  11:07  Refinery x2  
  199  11:16  Command Center  
  186  11:29  Marine, Ghost  
  186  11:32  Viking  
  136  11:33  Marauder  
  136  11:34  Viking x2  
  136  11:35  Barracks Reactor, Barracks Tech Lab x2  
  136  11:36  Marauder, Marine x2  
  136  11:37  Marine  
  129  11:46  Viking  
  126  11:47  Marine  
  126  11:53  Marauder x2  
  126  11:54  Marine x2  
  126  11:55  Marauder  
  126  11:57  Ghost  
  126  11:58  Marauder  
  134  12:01  Marine  
  134  12:02  Medivac  
  134  12:07  Marine  
  138  12:11  Marine  
  138  12:12  Marine x2  
  138  12:13  Marine  
  138  12:14  Marauder  
  138  12:15  Marauder, Ghost  
  146  12:16  Medivac  
  146  12:20  Marauder  
  136  12:26  Marauder  
  122  12:30  Orbital Command  
  122  12:33  Marine  
  122  12:34  Marine x2  
  122  12:36  Marauder x2  
  124  12:37  Marine x2  
  124  12:41  Marauder  
  128  12:45  SCV x2, Marauder  
  128  12:47  SCV  
  128  12:50  Orbital Command  
  133  12:55  SCV  
  133  12:57  SCV  
  133  12:58  SCV  
  136  12:59  SCV  
  136  13:01  Ghost  
  139  13:07  Orbital Command  
  139  13:09  SCV  
  139  13:10  SCV, Orbital Command  
  141  13:15  SCV  
  141  13:18  SCV  
  142  13:21  Sensor Tower  
  142  13:22  SCV  
  138  13:27  Sensor Tower  
  138  13:30  Viking x2  
  138  13:32  Marine x2, Ghost x2  
  137  13:36  Marine x2  
  137  13:38  Marauder  
  141  13:47  SCV  
  141  13:48  Marauder  
  131  13:53  Marine  
  120  14:05  Marauder  
  120  14:14  Marauder  
  102  14:17  Marauder  
  102  14:18  Marine  
  102  14:21  Marine  
  98  14:24  Marine  
  98  14:30  Medivac  
  101  14:32  Orbital Command  
  101  14:34  Orbital Command  
  103  14:38  Marauder, Marine  
  99  14:46  Marine  
  99  14:52  Marine  
  86  15:10  Medivac  
  85  15:23  Orbital Command  
Tags
 
Add a new tag
Caveats
  • Supply blocks, unpowered buildings, or Contaminate may cause inaccurate times.
  • Supply counts are checked every 10 seconds.